[Event "Early-Titled-Tuesday-Blitz-September-26-2023"]
[Site "Chess.com"]
[Date "2023.09.26"]
[Round "1"]
[White "fastestmindalive"]
[Black "Daniel_Salinas"]
[Result "1-0"]
[WhiteElo "2705"]
[BlackElo "2411"]
[TimeControl "180+1"]
[EndTime "8:05:18 PDT"]
[Termination "fastestmindalive won by resignation"]

1. e4 c5 2. Nc3 e6 3. f4 d5 4.
Nf3 dxe4 5. Nxe4 Be7 6. Bb5+ Bd7 7. Qe2 Nf6 8. O-O Nxe4 9. Bxd7+ Nxd7 10. Qxe4 Qc7 11. d3 Nf6 12. Qe2 O-O 13. Ne5 Rfd8 14. Rf3 Bd6 15. Bd2 Nd7 16. Bc3 Bxe5 17. fxe5 Nf8 18.
Raf1 Rd7 19. h4 b5 20. h5 b4 21. Bd2 Rd5 22. Bf4 Rc8 23. b3 Rcd8 24. Bh2 R8d7 25. h6 gxh6 26. Qe3 Ng6 27. Qxh6 Rd4 28. Rh3 f5 29.
exf6 Qb7 30. Rg3 Rf7 31. Rxg6+ hxg6 32. Qxg6+ Kf8 33. Be5 Rd5 34. Qh6+ Ke8 35. Qh5 Qc7 36. Qh8+ 1-0

[Event "Early-Titled-Tuesday-Blitz-September-26-2023"]
[Site "Chess.com"]
[Date "2023.09.26"]
[Round "1"]
[White "Krakozia"]
[Black "angryspacevoid"]
[Result "1-0"]
[WhiteElo "3020"]
[BlackElo "2524"]
[TimeControl "180+1"]
[EndTime "8:05:19 PDT"]
[Termination "Krakozia won by checkmate"]

1. Nf3 c5 2. g3 Nc6 3. d4 cxd4 4. Nxd4 e5 5. Nb5 Bc5 6. N1c3 Nf6 7. Bg2 d6 8. Bg5 Be6 9. Bxf6 gxf6 10. Nd5 Bxd5 11.
Qxd5 Qa5+ 12. Nc3 Qb6 13. O-O Qxb2 14. Ne4 Qd4 15. Nxf6+ Ke7 16. Qf3 Qc4 17. Rab1 Rab8 18. c3 b6 19. Nd5+ Kf8 20. Rb2 Rg8 21. Nf6 Ne7 22.
Nd7+ Kg7 23. Qf6# 1-0

[Event "Early-Titled-Tuesday-Blitz-September-26-2023"]
[Site "Chess.com"]
[Date "2023.09.26"]
[Round "1"]
[White "Me_ch_an"]
[Black "Agibileg"]
[Result "0-1"]
[WhiteElo "2364"]
[BlackElo "2661"]
[TimeControl "180+1"]
[EndTime "8:05:19 PDT"]
[Termination "Agibileg won by resignation"]

1. e4 e5 2. Nf3 Nc6 3. Bb5 a6 4. Ba4 Nf6 5. Qe2 Be7 6. c3 b5 7. Bb3 O-O 8. O-O d5 9. d3 Bg4 10. Rd1 d4 11. Nbd2 a5 12. a4 b4 13. c4 Nd7 14. Nf1 Nc5 15. Bc2 b3 16. Bb1 f5 17.
exf5 Rxf5 18. N1d2 Rf7 19. h3 Bh5 20. g4 Bg6 21.
Nxe5 Nxe5 22. Qxe5 Bd6 23. Qd5 Rb8 24. Nf1 Qh4 25.
Qg2 Rbf8 26. Ng3 Rxf2 27. Qd5+ Kh8 28. Nf5 R8xf5 29. gxf5 Qg3+ 0-1

[Event "Early-Titled-Tuesday-Blitz-September-26-2023"]
[Site "Chess.com"]
[Date "2023.09.26"]
[Round "1"]
[White "emeli_chess"]
[Black "zimmm36"]
[Result "0-1"]
[WhiteElo "2376"]
[BlackElo "2679"]
[TimeControl "180+1"]
[EndTime "8:05:23 PDT"]
[Termination "zimmm36 won by resignation"]

1. d4 d5 2. c4 e6 3. Nc3 Nf6 4. cxd5 Nxd5 5. e4 Nxc3 6. bxc3 c5 7. Nf3 cxd4 8. cxd4 Bb4+ 9. Bd2 Bxd2+ 10. Qxd2 O-O 11. Bd3 Nc6 12. Bc2 Qa5 13. Qxa5 Nxa5 14. Ke2 Rd8 15.
Rhc1 b6 16. Bd3 Bb7 17. Rc7 Rac8 18. Rac1 f6 19. Rxc8 Rxc8 20. Rxc8+ Bxc8 21. h4 Kf7 22. Nd2 e5 23. Ke3 Ke7 24. f3 Nc6 25. d5 Na5 26. g4 h6 27. h5 Bd7 28. Be2 b5 29. f4 exf4+ 30. Kxf4 Kd6 31. Nf3 Nc4 32. Bxc4 bxc4 33.
Nd2 Kc5 34. a3 c3 35. Nb3+ Kc4 36. Nc1 c2 37. Ke3 Kc3 38. d6 Bxg4 39. Kf4 Bd7 40. Ke3 Kc4 41. Kd2 Kc5 42. Kxc2 Kxd6 43. Kd3 Be8 44.
Ke3 Bxh5 0-1

[Event "Early-Titled-Tuesday-Blitz-September-26-2023"]
[Site "Chess.com"]
[Date "2023.09.26"]
[Round "1"]
[White "sergeikim"]
[Black "Flopezin"]
[Result "1-0"]
[WhiteElo "2623"]
[BlackElo "2323"]
[TimeControl "180+1"]
[EndTime "8:05:23 PDT"]
[Termination "sergeikim won by resignation"]

1. d4 d5 2. c4 e6 3. Nc3 Nf6 4. Nf3 Be7 5. Bf4 O-O 6. e3 b6 7. cxd5 exd5 8. Bd3 Bb7 9. Ne5 Nbd7 10. O-O Rc8 11. Qf3 c5 12. Qh3 g6 13. Rad1 cxd4 14. exd4 Nxe5 15. dxe5 Nh5 16. Bh6 Re8 17. e6 fxe6 18.
Qxe6+ Kh8 19. Bxg6 Nf6 20. Bxe8 Qxe8 21. Rfe1 d4 22.
Qxe7 Qxe7 23. Rxe7 dxc3 24. bxc3 Bc6 25. Bg7+ Kg8 26. Bxf6 Kf8 27. Rxh7 Re8 28. Rh8+ Kf7 29. Rxe8 Bxe8 30. Bd4 Bc6 31. h4 1-0

[Event "Early-Titled-Tuesday-Blitz-September-26-2023"]
[Site "Chess.com"]
[Date "2023.09.26"]
[Round "1"]
[White "carloseduar100"]
[Black "YairParkhov"]
[Result "1-0"]
[WhiteElo "2337"]
[BlackElo "2606"]
[TimeControl "180+1"]
[EndTime "8:05:24 PDT"]
[Termination "carloseduar100 won by checkmate"]

1. e4 e5 2. Nf3 Nc6 3. Nc3 Nf6 4. Nxe5 Nxe5 5. d4 Ng6 6. e5 Ng8 7. Bc4 Bb4 8. O-O N8e7 9. f4 Bxc3 10. bxc3 d5 11.
Bd3 Bf5 12. g4 Bxd3 13. Qxd3 Qd7 14. f5 Nf8 15. Ba3 O-O-O 16. Rab1 Nc6 17. Rb5 a6 18. Rxb7 Na5 19. Qxa6 Qe8 20. Rb5+ Kd7 21. Rxd5# 1-0

[Event "Early-Titled-Tuesday-Blitz-September-26-2023"]
[Site "Chess.com"]
[Date "2023.09.26"]
[Round "1"]
[White "arminmusovic"]
[Black "JimDiGrease"]
[Result "0-1"]
[WhiteElo "2492"]
[BlackElo "2849"]
[TimeControl "180+1"]
[EndTime "8:05:25 PDT"]
[Termination "JimDiGrease won by resignation"]

1. a3 d5 2. Nc3 Nf6 3. d3 c5 4. Bg5 Nc6 5. e4 d4 6. Nb1 e5 7.
h3 Be7 8. Nd2 O-O 9. g4 Be6 10.
Ne2 h6 11. Bxf6 Bxf6 12. Bg2 Rc8 13. O-O b5 14. b3 Bg5 15. f4 exf4 16. Nxf4 Bxf4 17.
Rxf4 Ne5 18. Qe2 c4 19. Raf1 cxd3 20. cxd3 Rc2 21. Qd1 Rc3 22. Nf3 Rxd3 23. Qe2 Re3 24. Qxb5 Ng6 25. Rf5 Bxf5 26. exf5 Nf4 27. Qc5 Re2 28. Rf2 Rxf2 29. Kxf2 Nd3+ 30. Kg3 Nxc5 31. f6 Qxf6 0-1

[Event "Early-Titled-Tuesday-Blitz-September-26-2023"]
[Site "Chess.com"]
[Date "2023.09.26"]
[Round "1"]
[White "Russian_berezka"]
[Black "Irina_Mikhaylova"]
[Result "1-0"]
[WhiteElo "2612"]
[BlackElo "2289"]
[TimeControl "180+1"]
[EndTime "8:05:25 PDT"]
[Termination "Russian_berezka won by resignation"]

1. d4 Nf6 2. c4 g6 3. Nc3 d5 4. cxd5 Nxd5 5. e4 Nxc3 6. bxc3 Bg7 7. Qa4+ c6 8. Nf3 O-O 9. Be2 Nd7 10. O-O e5 11. Qc2 Qe7 12. Bg5 Qe6 13. Rad1 f6 14. Bh4 c5 15. dxe5 Nxe5 16. Nxe5 Qxe5 17. Rd5 Qe7 18. Bg3 Re8 19. Bd6 Qxe4 20. Qxe4 Rxe4 21. Bf3 Re8 22. Rxc5 Bf8 23. Bxf8 Kxf8 24. Rd1 Rb8 25. Rc7 Re7 26. Rd8+ Kf7 27. Bd5+ Be6 28. Bxe6+ Kxe6 29. Rxe7+ Kxe7 30. Rxb8 1-0

[Event "Early-Titled-Tuesday-Blitz-September-26-2023"]
[Site "Chess.com"]
[Date "2023.09.26"]
[Round "1"]
[White "twofoxniel"]
[Black "GiorgianBarbosa"]
[Result "1-0"]
[WhiteElo "2680"]
[BlackElo "2376"]
[TimeControl "180+1"]
[EndTime "8:05:27 PDT"]
[Termination "twofoxniel won by resignation"]

1. e4 c5 2. c3 g6 3. d4 cxd4 4. cxd4 d5 5. exd5 Nf6 6. Nc3 Nxd5 7. Bc4 Nb6 8. Bb3 Bg7 9. Nf3 Nc6 10. Be3 O-O 11. d5 Na5 12. Bd4 Nxb3 13. axb3 Bh6 14. Bc5 Bg4 15. O-O Rc8 16. b4 Nc4 17. Rxa7 b6 18. Bxe7 Qe8 19. Bxf8 Qxf8 20. Ne4 Qxb4 21. Nf6+ Kf8 22. Nxg4 Nxb2 23. Qe2 Qxg4 24. Qe7+ 1-0

[Event "Early-Titled-Tuesday-Blitz-September-26-2023"]
[Site "Chess.com"]
[Date "2023.09.26"]
[Round "1"]
[White "ArtemDyachuk"]
[Black "Noki102"]
[Result "1-0"]
[WhiteElo "2706"]
[BlackElo "2412"]
[TimeControl "180+1"]
[EndTime "8:05:28 PDT"]
[Termination "ArtemDyachuk won by checkmate"]

1. e4 e5 2. Nf3 Nc6 3. Bb5 a6 4. Ba4 g6 5. O-O Bg7 6. c3 d6 7. d4 exd4 8. cxd4 b5 9. Bb3 Na5 10. Bc2 Ne7 11. Bg5 h6 12. Bh4 g5 13. Bg3 Bg4 14.
Re1 O-O 15. h3 Bxf3 16. Qxf3 f5 17. exf5 Bxd4 18. Rxe7 Qxe7 19. Qd5+ Qf7 20. Qxd4 Qc4 21. Qd2 Rae8 22. Na3 Qe2 23. Qxa5 h5 24. Qxc7 Rc8 25. Bb3+ Kh8 26. Qxd6 Rxf5 27. Qh6# 1-0

[Event "Early-Titled-Tuesday-Blitz-September-26-2023"]
[Site "Chess.com"]
[Date "2023.09.26"]
[Round "1"]
[White "JosefineHeinemann"]
[Black "pinguino120"]
[Result "1-0"]
[WhiteElo "2579"]
[BlackElo "2207"]
[TimeControl "180+1"]
[EndTime "8:05:29 PDT"]
[Termination "JosefineHeinemann won by resignation"]

1. e4 c5 2. c3 g6 3. d4 cxd4 4. cxd4 d5 5. e5 Nc6 6. Bb5 Bg7 7. Nc3 Nh6 8. Nf3 Bg4 9. h3 Bxf3 10. Qxf3 O-O 11.
Bxc6 bxc6 12. O-O f6 13. exf6 Rxf6 14. Qe2 Nf5 15. Bg5 Rf7 16. Rad1 Nxd4 17. Qg4 Nf5 18. Rfe1 Qf8 19. Qa4 Qe8 20. Re6 Rc8 21. Qxa7 h6 22.
Bc1 Kh7 23. Rde1 Bf6 24. Bf4 Bd4 25. Qb7 Rb8 26. Qxb8 1-0

[Event "Early-Titled-Tuesday-Blitz-September-26-2023"]
[Site "Chess.com"]
[Date "2023.09.26"]
[Round "1"]
[White "AhmadzadaA"]
[Black "Herman-NY"]
[Result "1-0"]
[WhiteElo "2930"]
[BlackElo "2507"]
[TimeControl "180+1"]
[EndTime "8:05:31 PDT"]
[Termination "AhmadzadaA won on time"]

1. Nf3 Nf6 2. d4 g6 3. Bf4 Bg7 4. Nc3 d5 5. e3 O-O 6. h3 c5 7.
Be2 cxd4 8. exd4 Nc6 9. O-O Ne4 10. Bd3 Bf5 11. Re1 Nxd4 12. Nxe4 dxe4 13. Bxe4 Bxe4 14. Rxe4 Nxf3+ 15. Qxf3 Bxb2 16. Rb1 Bf6 17. Rxb7 Qd5 18. Rc7 Qxa2 19. Bh6 Qa1+ 20. Kh2 Be5+ 21. g3 Bxc7 22. Rxe7 Bb6 23. c3 Qb2 24. Re2 1-0

[Event "Early-Titled-Tuesday-Blitz-September-26-2023"]
[Site "Chess.com"]
[Date "2023.09.26"]
[Round "1"]
[White "BahadirOzen"]
[Black "Kielinkei"]
[Result "1-0"]
[WhiteElo "2802"]
[BlackElo "2473"]
[TimeControl "180+1"]
[EndTime "8:05:33 PDT"]
[Termination "BahadirOzen won by resignation"]

1. g3 e5 2. Bg2 d5 3. d3 Nf6 4.
Nf3 Nc6 5. O-O Be7 6. c3 O-O 7. Qc2 h6 8. Nbd2 Be6 9. b4 Bd6 10. Bb2 Ne7 11. c4 Bxb4 12. Bxe5 c6 13. Rfb1 Bxd2 14.
Nxd2 Nd7 15. Bb2 Rc8 16. Qc3 Nf6 17. c5 b5 18. a4 a6 19. axb5 axb5 20. Nf3 Ng6 21.
Nd4 Qd7 22. f3 Ra8 23. e4 Rfd8 24. Rd1 h5 25. Nxe6 fxe6 26. Bh3 Qf7 27. Kg2 e5 28. Qb3 d4 29. Be6 1-0

[Event "Early-Titled-Tuesday-Blitz-September-26-2023"]
[Site "Chess.com"]
[Date "2023.09.26"]
[Round "1"]
[White "Raskolnikov6"]
[Black "Doomfist26"]
[Result "0-1"]
[WhiteElo "2314"]
[BlackElo "2619"]
[TimeControl "180+1"]
[EndTime "8:05:35 PDT"]
[Termination "Doomfist26 won by checkmate"]

1. d4 Nf6 2. c4 g6 3. Nc3 Bg7 4. e4 d6 5. h3 O-O 6. Be3 e5 7.
d5 a5 8. Nf3 Na6 9. g4 Nc5 10.
Nd2 c6 11. Be2 cxd5 12. cxd5 Bd7 13. a4 Qb6 14. Nc4 Qc7 15. f3 Ne8 16. Rc1 Qd8 17. h4 f5 18. Bg5 Bf6 19. gxf5 Bxg5 20. hxg5 Qxg5 21. fxg6 hxg6 22. Kf2 Nf6 23. Nxd6 Ng4+ 24. Ke1 Ne3 25. Qd2 Qg3# 0-1

[Event "Early-Titled-Tuesday-Blitz-September-26-2023"]
[Site "Chess.com"]
[Date "2023.09.26"]
[Round "1"]
[White "Kostya0705"]
[Black "YouShallNotPass001"]
[Result "1-0"]
[WhiteElo "2619"]
[BlackElo "2314"]
[TimeControl "180+1"]
[EndTime "8:05:37 PDT"]
[Termination "Kostya0705 won by resignation"]

1. e4 e6 2. d4 d5 3. Nc3 Be7 4. e5 c5 5. Nf3 Nc6 6. Bf4 cxd4 7. Nxd4 Qb6 8. Nb3 a5 9. a4 Nh6 10. Bxh6 gxh6 11. f4 Bb4 12. Bb5 Bd7 13. Qd3 d4 14. O-O-O dxc3 15. Qxd7+ Kf8 16. Qd3 cxb2+ 17. Kb1 Na7 18.
Qh3 Nxb5 19. Qxh6+ Ke8 20. axb5 a4 21. Nd4 Bc3 22. Nf5 a3 23. Ka2 Qc7 24. Ng7+ Ke7 25.
Qf6+ Kf8 26. Nxe6+ 1-0

[Event "Early-Titled-Tuesday-Blitz-September-26-2023"]
[Site "Chess.com"]
[Date "2023.09.26"]
[Round "1"]
[White "Just_Lucky_1"]
[Black "LUISMIGUELOV"]
[Result "1-0"]
[WhiteElo "2559"]
[BlackElo "2135"]
[TimeControl "180+1"]
[EndTime "8:05:38 PDT"]
[Termination "Just_Lucky_1 won by resignation"]

1. e4 c6 2. d4 d5 3. Nc3 dxe4 4. Nxe4 Bf5 5. Ng3 Bg6 6. Bc4 e6 7. N1e2 Bd6 8. h4 h6 9. Nf4 Bxf4 10. Bxf4 Nf6 11.
c3 Nbd7 12. h5 Bh7 13. O-O O-O 14. Bd3 Bxd3 15. Qxd3 Qa5 16. Qf3 Qd5 17. Qe2 a5 18.
Be3 a4 19. c4 Qd6 20. Rad1 Rfe8 21. f4 Qb4 22. f5 b5 23. fxe6 Rxe6 24. d5 cxd5 25. cxd5 Ree8 26. Nf5 Qg4 27. Qxb5 Qxh5 28. d6 Ng4 29. Ne7+ Rxe7 30. Qxh5 Nxe3 31. dxe7 1-0

[Event "Early-Titled-Tuesday-Blitz-September-26-2023"]
[Site "Chess.com"]
[Date "2023.09.26"]
[Round "1"]
[White "AlmasRakhmatullaev"]
[Black "Mr_ruthless"]
[Result "1-0"]
[WhiteElo "2780"]
[BlackElo "2467"]
[TimeControl "180+1"]
[EndTime "8:05:39 PDT"]
[Termination "AlmasRakhmatullaev won by resignation"]

1. e4 e5 2. Nf3 Nc6 3. Bc4 Nf6 4.
Ng5 d5 5. exd5 Na5 6. Bb5+ c6 7. dxc6 bxc6 8. Bd3 Be7 9. O-O h6 10. Ne4 Nd5 11. Ng3 O-O 12. Bf5 Rb8 13. d4 Bf6 14. Bxc8 Qxc8 15. Ne4 Qf5 16. Nxf6+ Qxf6 17. dxe5 Qxe5 18.
Qe1 Qc7 19. b3 Rfe8 20. Qd1 Qe5 21. c3 Nxc3 22. Nxc3 Qxc3 23. Bd2 Qe5 24. Re1 Qd5 25.
Rxe8+ Rxe8 26. Bc3 Nb7 27. Qg4 g6 28. h3 Nd6 29. Rd1 Qe6 30. Qd4 f6 31. Qxd6 1-0

[Event "Early-Titled-Tuesday-Blitz-September-26-2023"]
[Site "Chess.com"]
[Date "2023.09.26"]
[Round "1"]
[White "JoseRemolar"]
[Black "Lennis93"]
[Result "0-1"]
[WhiteElo "2431"]
[BlackElo "2732"]
[TimeControl "180+1"]
[EndTime "8:05:39 PDT"]
[Termination "Lennis93 won by resignation"]

1. e4 c6 2. d4 d5 3. e5 Bf5 4.
Nf3 e6 5. Be2 Ne7 6. O-O Nd7 7.
Nbd2 Ng6 8. Nb3 f6 9. Re1 a5 10. a4 Bb4 11. c3 Be7 12. Bd3 Bxd3 13. Qxd3 fxe5 14. dxe5 O-O 15. Nfd4 Ndxe5 16. Qh3 Qd7 17. Qxe6+ Qxe6 18. Nxe6 Rf6 19. Ng5 Bd6 20. h3 Nc4 21. Nd2 Nce5 22. Ngf3 Nd3 23. Re3 Ngf4 24. Ne1 Nxc1 25.
Rxc1 Bc5 26. Re5 Bxf2+ 27. Kxf2 Nd3+ 28. Ke3 Nxe5 0-1

[Event "Early-Titled-Tuesday-Blitz-September-26-2023"]
[Site "Chess.com"]
[Date "2023.09.26"]
[Round "1"]
[White "MKlose11"]
[Black "ApoIogiA"]
[Result "1-0"]
[WhiteElo "2615"]
[BlackElo "2298"]
[TimeControl "180+1"]
[EndTime "8:05:41 PDT"]
[Termination "MKlose11 won by resignation"]

1. e4 c5 2. Nc3 Nc6 3. g3 g6 4. Bg2 Bg7 5. d3 e5 6. Be3 d6 7. Qd2 Nge7 8. f4 O-O 9. Nf3 Nd4 10. O-O Nxf3+ 11. Rxf3 exf4 12. Bxf4 Be6 13. Bh6 Nc6 14. Bxg7 Kxg7 15. Raf1 Ne5 16. R3f2 Qb6 17. Nd1 a5 18. h3 a4 19. a3 Qa5 20. c3 Qb5 21. d4 cxd4 22.
cxd4 Nc4 23. Qf4 d5 24. exd5 Bxd5 25. Nc3 Bxg2 26. Nxb5 Bxf1 27. Rxf1 Rad8 28. d5 Nxb2 29. Qf6+ Kg8 30. Qxb2 Rxd5 31. Nc3 Rd3 32. Kg2 Rfd8 33. Ne4 f5 34. Nf2 Rd2 35. Qxb7 1-0

[Event "Early-Titled-Tuesday-Blitz-September-26-2023"]
[Site "Chess.com"]
[Date "2023.09.26"]
[Round "1"]
[White "Real_taiatai"]
[Black "Msb2"]
[Result "0-1"]
[WhiteElo "2527"]
[BlackElo "3085"]
[TimeControl "180+1"]
[EndTime "8:05:42 PDT"]
[Termination "Msb2 won by resignation"]

1. d4 d5 2. c4 e6 3. Nf3 Nf6 4. g3 Nc6 5. Bg2 Bd6 6. Nbd2 O-O 7. O-O a5 8. Qc2 Nb4 9. Qb1 c5 10. a3 Nc6 11. cxd5 exd5 12. dxc5 Bxc5 13. Qc2 Bb6 14.
Nb3 a4 15. Nc5 Qe7 16. Nd3 Bf5 17. Bg5 h6 18. Bxf6 Qxf6 19. Rac1 Rfe8 20. Rfe1 Be4 21. Qd2 Ba5 22. Nb4 Nxb4 23. axb4 Bb6 24. Red1 g5 25. Nd4 Bxg2 26. Kxg2 Bxd4 27. Qxd4 Qxd4 28. Rxd4 Rxe2 29. Rxd5 Rxb2 30. Rd7 Rxb4 31. Rcc7 Rf8 32. Kf3 a3 33. Rd3 Ra4 34. Rd1 a2 35. Ra1 b5 36. Rc2 Rfa8 37.
Rb2 b4 38. Kg4 b3+ 39. Kh5 Ra3 40. f4 Rc8 41. Kxh6 Rc2 42. Rxc2 bxc2 43. fxg5 Ra6+ 44. g6 Rxg6+ 45. Kh5 Rc6 46. Rxa2 c1=Q 47. Ra8+ Kg7 48. Kh4 Rh6+ 49. Kg4 Qd1+ 50. Kf4 Qd4+ 51. Kf3 Qd5+ 0-1

[Event "Early-Titled-Tuesday-Blitz-September-26-2023"]
[Site "Chess.com"]
[Date "2023.09.26"]
[Round "1"]
[White "lrestevez"]
[Black "DanielTitichoca"]
[Result "0-1"]
[WhiteElo "2202"]
[BlackElo "2572"]
[TimeControl "180+1"]
[EndTime "8:05:44 PDT"]
[Termination "DanielTitichoca won on time"]

1. e4 g6 2. d4 Bg7 3. Nf3 d6 4. Bc4 e6 5. c3 a6 6. Qe2 Ne7 7. O-O O-O 8. Bb3 b5 9. Nbd2 Bb7 10. Re1 Nd7 11. Nf1 c5 12. Ng3 Rc8 13. Be3 Nf6 14. Rad1 cxd4 15. Bxd4 Nc6 16. Be3 Qc7 17. Bf4 Ne5 18. Nxe5 dxe5 19. Bg5 h6 20. Bc1 Nd7 21. f3 Nc5 22. Bc2 f5 23. Kh1 Rcd8 24. a3 Qe7 25. Bb1 h5 26. Ba2 h4 27. Nf1 fxe4 28. fxe4 Nxe4 29. Be3 Qf6 30. Nd2 h3 31. Kg1 Nxd2 32.
Rxd2 hxg2 33. Rxd8 Rxd8 34. Bb6 Rf8 35. Be3 Kh7 36.
h3 Qh4 37. Bf2 Qxh3 0-1

[Event "Early-Titled-Tuesday-Blitz-September-26-2023"]
[Site "Chess.com"]
[Date "2023.09.26"]
[Round "1"]
[White "ExchangeAB"]
[Black "Vanina1989"]
[Result "1/2-1/2"]
[WhiteElo "2433"]
[BlackElo "2715"]
[TimeControl "180+1"]
[EndTime "8:05:45 PDT"]
[Termination "Game drawn by repetition"]

1. Nf3 d5 2. e3 Bg4 3. h3 Bxf3 4. Qxf3 Nf6 5. g3 e5 6. Bg2 c6 7.
d3 Bd6 8. O-O O-O 9. Qe2 Nbd7 10.
b3 Re8 11. Bb2 e4 12. Nd2 Qe7 13. c4 exd3 14. Qxd3 Be5 15. Bxe5 Nxe5 16. Qe2 Rad8 17. Nf3 Nxf3+ 18. Bxf3 g6 19. cxd5 Nxd5 20. Bxd5 Rxd5 21. Rfd1 Rh5 22. h4 Rf5 23. Rd4 c5 24. Rd2 Kg7 25. Rad1 Qf6 26. Rd6 Re6 27. Rxe6 Qxe6 28. Qc4 Qxc4 29.
bxc4 Rf6 30. Rd7 Rb6 31. Rc7 Rb2 32. a3 Rb3 33. Kg2 h5 34. Kf3 Kf6 35. Ke4 Ke6 36. Kf4 Rxa3 37. Rxb7 Ra4 38. e4 Rxc4 39. Rxa7 Kf6 40.
Ra6+ Kg7 41. Rc6 Rc2 42. Ke3 Rc4 43. Kd3 Rd4+ 44. Ke3 Rc4 45. Kd3 Rd4+ 46. Ke3 Rc4 1/2-1/2

[Event "Early-Titled-Tuesday-Blitz-September-26-2023"]
[Site "Chess.com"]
[Date "2023.09.26"]
[Round "1"]
[White "Mariia89"]
[Black "Wizard_97"]
[Result "0-1"]
[WhiteElo "2078"]
[BlackElo "2541"]
[TimeControl "180+1"]
[EndTime "8:05:45 PDT"]
[Termination "Wizard_97 won on time"]

1. d4 Nf6 2. Nf3 e6 3. Bg5 h6 4.
Bh4 d6 5. Nbd2 g5 6. Bg3 Nh5 7. e4 Bg7 8. Bd3 Qe7 9. c3 O-O 10. Qe2 Nd7 11. O-O-O a6 12. Ne1 Nxg3 13. hxg3 b5 14.
f4 c5 15. e5 cxd4 16. Qe4 f5 17. Qxa8 dxc3 18. bxc3 dxe5 19. Nb1 e4 20. Bc2 Qc5 21. fxg5 Nb6 22. Qa7 Rf7 23. Qb8 Be5 24. Rd8+ Kg7 25.
gxh6+ Kh7 26. Rxc8 Nxc8 27. Qa8 Ra7 28. Nd3 Qe3+ 29.
Kb2 Rxa8 30. Nxe5 Nd6 31. Na3 Rc8 0-1

[Event "Early-Titled-Tuesday-Blitz-September-26-2023"]
[Site "Chess.com"]
[Date "2023.09.26"]
[Round "1"]
[White "jcibarra"]
[Black "ShahMatKanal"]
[Result "1-0"]
[WhiteElo "2945"]
[BlackElo "2508"]
[TimeControl "180+1"]
[EndTime "8:05:46 PDT"]
[Termination "jcibarra won by resignation"]

1. e4 c5 2. Nf3 d6 3. c3 Nf6 4. h3 e6 5. Bd3 Be7 6. Bc2 O-O 7. d4 Nc6 8. O-O Qc7 9. Re1 Rd8 10. Qe2 cxd4 11. cxd4 Nb4 12. Bb3 b6 13. Nc3 Ba6 14. Qe3 Nd3 15. Rd1 Nxc1 16. Raxc1 Qb7 17.
e5 Ne8 18. d5 Nc7 19. dxe6 fxe6 20. exd6 Rxd6 21. Rxd6 Bxd6 22. Bxe6+ Kh8 23. Ng5 Rf8 24. Nf7+ Rxf7 25. Bxf7 Bf8 26. Qe4 1-0

[Event "Early-Titled-Tuesday-Blitz-September-26-2023"]
[Site "Chess.com"]
[Date "2023.09.26"]
[Round "1"]
[White "Shuvalov"]
[Black "A-Fier"]
[Result "0-1"]
[WhiteElo "2474"]
[BlackElo "2810"]
[TimeControl "180+1"]
[EndTime "8:05:49 PDT"]
[Termination "A-Fier won by resignation"]

1. d4 Nf6 2. c4 c5 3. Nf3 cxd4 4. Nxd4 g6 5. Nc3 Bg7 6. g3 O-O 7. Bg2 Nc6 8. O-O d6 9. Nc2 Qa5 10. h3 Qh5 11. g4 Bxg4 12. hxg4 Nxg4 13. Bf4 Be5 14.
Qd2 g5 15. Bxe5 Ncxe5 16. Rfd1 Qh2+ 17. Kf1 h6 18. Ne3 f5 19. Ncd5 Rf7 20. Rac1 e6 21. Nb4 Rd8 22. Nd3 Ng6 23. Nxg4 fxg4 24. Qe3 Nh4 25. Qe4 g3 26. f4 Rdf8 27. e3 gxf4 28.
Ke1 Nxg2+ 29. Kd2 Nxe3+ 30. Kc3 Nxd1+ 31. Rxd1 Qh3 32. Rh1 Qf5 33. Qf3 Qf6+ 34. Kb3 e5 35. Nb4 Qg6 36. Nd5 e4 37. Qc3 g2 38. Rg1 f3 39. Ne3 f2 40. Rxg2 Qxg2 41. Nxg2 Rf3 42. Ne3 Rxe3 43. Qxe3 Rf3 44. Qxf3 exf3 45. Kb4 f1=Q 0-1

[Event "Early-Titled-Tuesday-Blitz-September-26-2023"]
[Site "Chess.com"]
[Date "2023.09.26"]
[Round "1"]
[White "goodluck06"]
[Black "Qvalda"]
[Result "1-0"]
[WhiteElo "2664"]
[BlackElo "2366"]
[TimeControl "180+1"]
[EndTime "8:05:49 PDT"]
[Termination "goodluck06 won on time"]

1. d4 e6 2. Nf3 Nf6 3. e3 b6 4.
b3 Bb7 5. Bb2 d5 6. Nbd2 Bd6 7.
Ne5 O-O 8. Bd3 Nbd7 9. f4 Ne4 10. Nxe4 dxe4 11. Bb5 Nxe5 12. fxe5 Bb4+ 13. c3 Be7 14. Qg4 a6 15. Be2 c5 16. O-O b5 17. Rad1 Qa5 18. a3 cxd4 19. exd4 Bd5 20. c4 bxc4 21. bxc4 Bc6 22.
Bc1 Rad8 23. Bh6 g6 24. Bxf8 Bxf8 25. Qf4 Be8 26. Kh1 Qxa3 27. d5 Qb2 28. dxe6 Rxd1 29. exf7+ Kh8 30. Qf6+ 1-0

[Event "Early-Titled-Tuesday-Blitz-September-26-2023"]
[Site "Chess.com"]
[Date "2023.09.26"]
[Round "1"]
[White "DonJuanEGenaro"]
[Black "ErikRonka"]
[Result "1-0"]
[WhiteElo "1859"]
[BlackElo "2514"]
[TimeControl "180+1"]
[EndTime "8:05:51 PDT"]
[Termination "DonJuanEGenaro won by resignation"]

1. d4 d5 2. Nf3 Nf6 3. c4 c6 4. cxd5 cxd5 5. Nc3 a6 6. a3 Nc6 7. Bf4 Bg4 8. Ne5 Bd7 9. e3 Rc8 10. Be2 e6 11. O-O Be7 12. Rc1 O-O 13. b4 Ne8 14.
Qb3 Bd6 15. Nxd7 Qxd7 16. Bxd6 Nxd6 17. Na4 Qe7 18. Bf3 Nc4 19. Rfd1 b5 20. Nc5 Ra8 21. e4 Qg5 22. exd5 exd5 23. h4 Qf5 24. a4 bxa4 25.
Qxa4 Rac8 26. Rxc4 dxc4 27. Bxc6 Rfd8 28. Bd7 1-0

[Event "Early-Titled-Tuesday-Blitz-September-26-2023"]
[Site "Chess.com"]
[Date "2023.09.26"]
[Round "1"]
[White "HanSchut"]
[Black "djano"]
[Result "0-1"]
[WhiteElo "2336"]
[BlackElo "2636"]
[TimeControl "180+1"]
[EndTime "8:05:52 PDT"]
[Termination "djano won on time"]

1. e4 c5 2. Nf3 Nc6 3. d4 cxd4 4.
Nxd4 g6 5. c4 e5 6. Nb5 d6 7.
Be3 Nf6 8. N1c3 a6 9. Na3 Bg7 10. f3 O-O 11. Qd2 Be6 12. Rd1 Nd4 13. Nc2 Nxc2+ 14.
Qxc2 Rc8 15. Qd3 Qa5 16. b3 b5 17. Bd2 bxc4 18. bxc4 Bxc4 19. Nd5 Qxa2 20. Ne7+ Kh8 21. Qb1 Qxb1 22. Rxb1 Rb8 23. Rc1 Bxf1 24. Rxf1 Rfe8 25.
Nc6 Rb2 26. Rf2 d5 0-1

[Event "Early-Titled-Tuesday-Blitz-September-26-2023"]
[Site "Chess.com"]
[Date "2023.09.26"]
[Round "1"]
[White "whitemirrorninja"]
[Black "blitzking1729"]
[Result "1-0"]
[WhiteElo "2484"]
[BlackElo "2768"]
[TimeControl "180+1"]
[EndTime "8:05:54 PDT"]
[Termination "whitemirrorninja won by checkmate"]

1. d4 d6 2. e4 Nf6 3. Bd3 e5 4. c3 Nc6 5. Nf3 Bg4 6. d5 Ne7 7. h3 Bd7 8. c4 g6 9. c5 Bg7 10. Nc3 O-O 11. O-O Nh5 12. b4 Nf4 13. Re1 Nxd3 14. Qxd3 f5 15. Ng5 Qc8 16. cxd6 cxd6 17. Nb5 h6 18. Ne6 Bxe6 19. dxe6 d5 20. exd5 e4 21.
Qb3 Bxa1 22. d6 Bf6 23. Bxh6 Rd8 24. Rc1 Qb8 25. dxe7 Bxe7 26. Rc7 Rd3 27. Qb2 Rd1+ 28. Kh2 Bf8 29. Qf6 Bxh6 30. Qf7+ Kh8 31. Qh7# 1-0

[Event "Early-Titled-Tuesday-Blitz-September-26-2023"]
[Site "Chess.com"]
[Date "2023.09.26"]
[Round "1"]
[White "h4parah5"]
[Black "tandaleo"]
[Result "1-0"]
[WhiteElo "2960"]
[BlackElo "2517"]
[TimeControl "180+1"]
[EndTime "8:05:55 PDT"]
[Termination "h4parah5 won by resignation"]

1. Nf3 Nf6 2. c4 Nc6 3. Nc3 e5 4. e3 d6 5. d4 Be7 6. d5 Nb8 7. e4 a5 8. Be3 Na6 9. Be2 Nd7 10. a3 Nac5 11. b4 axb4 12. axb4 Rxa1 13. Qxa1 Na6 14.
Qb2 O-O 15. O-O f5 16. exf5 Rxf5 17. Ne4 Rf8 18. Rd1 Nf6 19. Nfd2 Bf5 20. Ng5 Nxd5 21.
cxd5 Bxg5 22. Nc4 Nb8 23. Rc1 Nd7 24. Qd2 Bxe3 25. Nxe3 Bg6 26. Qc3 Qh4 27. Qe1 Rc8 28.
Bg4 Qe7 29. Rc3 c6 30. Qc1 Rc7 31. dxc6 bxc6 32. Nd5 cxd5 33. Rxc7 1-0